Cogmind - Beta 16.1 @@@ ROGUE MODE // 2026.03.17 @ 16:53:40 Player: Wulphy Result: Destroyed by S-43 Plague with Heavy Machine Gun Performance ------------- Evolutions (9) 4500 Regions Visited (26) 5200 Robots Destroyed (374) 1870 Value Destroyed (21101) 21101 Prototype IDs (40) 800 Alien Tech Used (0) 0 Bonus (15728) 15728 TOTAL SCORE: 49199 Bonus ------- High Alert Combat Kills 1327 Follower Combat Kills 5900 Hunted by Unchained 500 Entered Garrisons 1600 Used RIF Installer 5000 Built Enhanced Grunts 300 Met R17 at Cetus 500 Met R17 at Research 2000 Friendly Fire -1399 Cogmind --------- Core Integrity 0/1600 Matter 281/300 Energy 100/100 System Corruption 49% Temperature Cool (0) Movement Treading (145) Location -1/Access Parts ------- > --- POWER (4) -------- (None) > --- PROPULSION (4) --- Biometal Heavy Treads > --- UTILITY (14) ----- Relay Coupler [NC] (46) Relay Coupler [Hunter] (20) Relay Coupler [Proto] (15) Relay Coupler [Proto] (15) > --- WEAPON (3) ------- (None) > --- INVENTORY (5) ---- Experimental Energy Well (600) Relay Coupler [Proto] (15) Relay Coupler [Proto] (15) Advanced Remote Datajack Lance Peak State ------------ > --- POWER ------------ Antimatter Reactor Improved Quantum Reactor Improved Quantum Reactor > --- PROPULSION ------- Centrium Wheel Centrium Wheel Centrium Wheel > --- UTILITY ---------- Experimental Power Amplifier Advanced Cooling System Advanced Coolant Injector Huge Storage Unit Experimental Optical Array Experimental Targeting Computer Precision Matter Filter Quantum Capacitor Layered Medium Armor Plating Advanced Remote Force Field Relay Coupler [NC] Relay Coupler [Grunt] Relay Coupler [Sentry] > --- WEAPON ----------- Linear Accelerator Enhanced Hardcell Cannon Ragnarok Missile Launcher > --- INVENTORY -------- Quantum Reactor Centrium Wheel Centrium Wheel Centrium Wheel Experimental Energy Well Experimental Energy Well Advanced Particle Charger Medium Regenerative Plating Advanced Focal Shield EM Disruption Field Relay Coupler [NC] Relay Coupler [NC] Relay Coupler [Grunt] Relay Coupler [Hunter] Relay Coupler [Heavy] Relay Coupler [Proto] Relay Coupler [Proto] Relay Coupler [Proto] Relay Coupler [Proto] Relay Coupler [Proto] Relay Coupler [Proto] Advanced Component Analysis Suite Improved Remote Datajack Advanced Remote Datajack Improved Plasma Cutter [Rating: 171] Favorites ----------- Power Particle Reactor Engine Cooled Ion Engine Power Core Neutrino Core Reactor Particle Reactor Propulsion Centrium Wheel Treads Light Treads Leg Enhanced Biometal Leg Wheel Centrium Wheel Hover Unit Improved Gyrokinetic Inverter Utility Relay Coupler [NC] Device Seismic Detector Storage Cargo Storage Unit Processor Experimental Targeting Computer Hackware Relay Coupler [NC] Protection Improved Heavy Armor Plating Weapon Heavy Phase Cannon Energy Gun Improved EM Shotgun Energy Cannon Heavy Phase Cannon Ballistic Gun Light Assault Rifle Ballistic Cannon Hypervelocity Gauss Cannon Launcher Ragnarok Missile Launcher Special Weapon Remote Datajack Impact Weapon Heavy Hammer Piercing Weapon Lance Build | -11 -10 -10 -9 -9 -9 -8 -8 -8 -8 -7 -7 -7 -7 -6 -6 -5 -5 -5 -5 -5 -5 -4 -4 -3 -2 -1 ------- Run | Yrd Mat Min Mat Sto Gar Mat Gar Mat Gar Fac Gar Fac Gar Fac Gar Fac Ext Cet Arc Hub Gar Fac Gar Res Res Acc Slots Evolved 18 | . . . 2 . . 2 . . . 2 . . . 2 . 2 . . . . . 2 . 2 2 2 Power 3 | . . . . . . . . . . . . . . 1 . 1 . . . . . . . . . 1 Propulsion 2 | . . . 1 . . . . . . . . . . . . . . . . . . . . . . 1 Utility 12 | . . . 1 . . 1 . . . 2 . . . 1 . 1 . . . . . 2 . 2 2 . Weapon 1 | . . . . . . 1 . . . . . . . . . . . . . . . . . . . . Parts Attached 309 | 7 6 1 25 16 4 2 4 10 7 6 17 6 4 16 10 3 7 2 . 6 26 30 19 30 14 31 Power 42 | 1 . . 3 . 1 . 1 . 2 . 2 . . 3 2 . 2 1 . 2 6 5 2 4 3 2 Engine 10 | 1 . . 1 . 1 . 1 . 2 . 1 . . 2 . . . . . . . . . . . 1 Core 16 | . . . 2 . . . . . . . 1 . . 1 . . 2 1 . 2 3 2 2 . . . Reactor 16 | . . . . . . . . . . . . . . . 2 . . . . . 3 3 . 4 3 1 Propulsion 51 | 2 1 . 8 3 2 . . 3 . . 3 2 . 3 2 . . . . 1 2 6 . 2 . 11 Treads 19 | 2 1 . 8 3 . . . 2 . . 1 . . . . . . . . . . . . . . 2 Leg 1 | . . . . . . . . . . . . . . . . . . . . . . . . . . 1 Wheel 30 | . . . . . 2 . . 1 . . 2 2 . 3 2 . . . . 1 2 6 . 2 . 7 Hover 1 | . . . . . . . . . . . . . . . . . . . . . . . . . . 1 Flight . | . . . . . . . . . . . . . . . . . . . . . . . . . . . Utility 139 | 2 2 1 4 3 1 2 1 5 3 6 6 4 2 8 4 1 4 1 . 1 16 15 12 17 7 11 Device 55 | 1 1 1 2 1 1 1 . 5 2 1 4 2 . . 1 . . . . 1 5 9 4 7 4 2 Storage 8 | 1 1 . 1 . . . . . . 1 . . . . 1 . . . . . 1 . . 1 1 . Processor 7 | . . . . . . 1 . . . . . 1 . 1 . . . . . . 1 . . 3 . . Hackware 48 | . . . . . . . . . . 2 1 1 2 4 2 1 2 . . . 8 6 6 3 2 8 Protection 21 | . . . 1 2 . . 1 . 1 2 1 . . 3 . . 2 1 . . 1 . 2 3 . 1 Artifact . | . . . . . . . . . . . . . . . . . . . . . . . . . . . Weapon 77 | 2 3 . 10 10 . . 2 2 2 . 6 . 2 2 2 2 1 . . 2 2 4 5 7 4 7 Energy Gun 18 | . 2 . 7 1 . . 1 . 1 . 2 . . . . . . . . . . . 2 1 . 1 Energy Cannon 21 | . . . 1 6 . . 1 2 . . 1 . . 1 2 . 1 . . 1 2 . . 2 . 1 Ballistic Gun 3 | 2 . . . . . . . . . . . . . . . . . . . . . 1 . . . . Ballistic Cannon 13 | . . . . . . . . . . . 2 . . . . . . . . 1 . 3 2 1 2 2 Launcher 9 | . . . 2 1 . . . . 1 . . . . 1 . 1 . . . . . . . 1 1 1 Special Weapon 11 | . 1 . . 1 . . . . . . 1 . 2 . . 1 . . . . . . 1 2 1 1 Impact Weapon 1 | . . . . 1 . . . . . . . . . . . . . . . . . . . . . . Slashing Weapon . | . . . . . . . . . . . . . . . . . . . . . . . . . . . Piercing Weapon 1 | . . . . . . . . . . . . . . . . . . . . . . . . . . 1 Special Melee Weapon . | . . . . . . . . . . . . . . . . . . . . . . . . . . . Unidentified Prototypes 15 | . . 1 4 . . . . . . . . . . 1 . . . 1 . . 3 . . 3 1 1 Parts Lost 58 | . . . 2 1 . . . . . . 6 . . . 1 . 1 . . 1 5 2 5 3 2 29 Power 9 | . . . . . . . . . . . 1 . . . . . . . . . . . 2 1 1 4 Propulsion 12 | . . . . . . . . . . . 3 . . . 1 . . . . 1 1 1 . . . 5 Utility 24 | . . . 1 1 . . . . . . . . . . . . . . . . 3 . 2 1 . 16 Weapon 13 | . . . 1 . . . . . . . 2 . . . . . 1 . . . 1 1 1 1 1 4 Highest Loss Streak 19 | . . . 1 1 . . . . . . 3 . . . 1 . 1 . . 1 1 1 3 1 1 19 To Critical Strikes 1 | . . . . . . . . . . . . . . . . . . . . . . . . . . 1 Average Backups 22 | 3 10 15 14 14 14 14 13 13 13 17 22 21 21 21 23 26 26 27 28 27 28 29 29 29 26 19 Power . | . 1 1 . 1 1 1 1 1 . . . 1 1 . . . . 1 2 2 1 1 . . 1 . Propulsion 3 | 2 4 6 5 3 3 3 3 2 3 3 3 3 2 2 2 2 2 3 3 2 1 2 4 3 3 1 Utility 14 | . 1 3 3 2 4 5 5 6 6 8 13 14 12 13 15 20 18 18 19 18 21 21 20 21 18 14 Weapon 2 | . 2 3 4 5 4 3 3 3 3 3 3 2 3 3 3 2 2 2 2 2 1 2 2 2 1 1 Tool/Special . | . . . . . . . . . . . . . . . . . . . . . . . . . . . Unused Backups 83 | . 4 1 15 7 2 . 5 3 . . 3 . 1 3 7 1 . 4 . . 6 6 3 4 1 7 Power 5 | . 1 . . 1 . . . . . . . . . . 1 . . . . . . 1 1 . . . Propulsion 12 | . 2 . 3 . 1 . . 2 . . 1 . . . . . . . . . . 2 . 1 . . Utility 49 | . 1 . 5 . 1 . 5 1 . . 2 . . 2 6 1 . 4 . . 6 3 2 2 1 7 Weapon 13 | . . 1 5 5 . . . . . . . . . 1 . . . . . . . . . 1 . . Tool/Special 4 | . . . 2 1 . . . . . . . . 1 . . . . . . . . . . . . . Average Slot Usage (%) 90 | . 99 100 99 99 99 96 100 100 99 98 96 83 83 85 82 74 81 81 82 81 85 91 91 87 93 70 Engine 3 | . 14 14 5 11 11 9 9 9 9 7 6 . . 5 . . . . . . . . . . . 1 Core 4 | . . . 5 . . . . . . . . 7 7 6 . . 4 9 11 11 8 4 12 7 1 . Reactor 4 | . . . . . . . . . . . . . . . 12 11 11 5 5 5 7 10 2 5 11 4 Treads 7 | . 27 28 32 33 19 9 9 14 18 10 4 . . . . . . . . . . . . . . 1 Wheel 10 | . . . . . 13 18 18 12 9 11 14 15 15 13 12 11 11 11 11 10 10 12 15 14 13 11 Device 15 | . 14 14 18 14 22 18 11 17 18 26 21 21 15 10 8 11 10 11 11 13 11 20 18 14 27 17 Storage 6 | . 14 14 11 11 11 9 9 9 9 7 7 7 7 6 6 5 5 5 5 5 5 5 5 4 4 2 Processor 3 | . . . . . . 8 9 . . . . . . 5 1 . . . . . 4 5 5 8 8 5 Hackware 6 | . . . . . . . . . . 1 7 . 6 8 11 9 11 11 11 8 8 10 10 10 9 15 Protection 5 | . . . 3 7 . . 6 9 9 7 7 7 7 6 6 5 5 5 5 5 4 5 5 3 3 . Energy Gun 3 | . 17 28 21 5 . . 5 6 . . 10 . . . . . . . . . . . . . . . Energy Cannon 7 | . . . . 12 22 24 21 20 26 23 7 7 6 5 10 5 7 11 11 9 6 4 . 2 2 . Ballistic Cannon 3 | . . . . . . . . . . . 2 7 6 5 2 5 2 . . 1 3 4 9 5 5 5 Special Weapon 3 | . 3 . . 1 . . . . . . 2 7 7 6 6 5 5 5 5 5 4 5 3 3 3 1 Peak Build Rating 171 | 7 8 16 20 27 28 32 37 38 41 48 65 65 65 73 78 86 88 90 87 88 104 128 129 159 171 167 Average Rating 76 | 5 7 8 17 22 26 31 34 34 38 41 52 62 62 68 75 81 85 87 87 84 92 115 120 142 166 128 On Entrance 62 | . 7 8 9 20 27 26 32 36 35 37 47 65 62 62 68 78 80 88 87 87 83 98 120 120 151 160 Avg Prop Armor Cover (%) 10 | . . . . . 7 7 6 9 12 9 6 . . 2 . . . . . . . . . . . 36 Naked Turns 1 | . . . . . . . . . . . . . . . . . . . . . . . . . . 1 Heaviest Build 333 | 13 30 30 43 45 44 47 55 59 64 140 143 143 142 155 224 226 237 237 233 233 232 230 241 255 333 199 Greatest Support 75 | 40 40 40 60 66 66 24 24 24 12 24 40 40 40 44 44 44 44 44 44 44 38 48 48 48 48 75 Greatest Overweight (x) 8 | 1 . . . . 3 3 2 4 5 5 6 3 3 5 5 5 5 5 5 6 8 8 5 5 6 4 Average Overweight (x) 3 | . . . . . . 1 1 3 4 4 4 3 3 3 4 5 5 5 5 5 5 4 4 4 4 1 Largest Inventory Capacity 30 | 8 15 15 15 15 15 15 15 15 15 25 25 25 25 25 30 30 30 30 30 30 30 30 30 30 30 25 Average Capacity 24 | 7 12 15 15 15 15 15 15 15 15 20 25 25 25 25 27 30 30 30 30 30 30 30 30 30 26 19 Most Carried 30 | 7 15 15 15 15 15 15 15 15 15 25 25 25 25 25 30 30 30 30 30 30 30 30 30 30 30 25 Average Carried 23 | 3 10 14 14 14 14 14 14 14 14 18 24 24 24 24 27 29 29 29 30 29 29 29 29 29 26 19 Final Capacity 30 | 8 15 15 15 15 15 15 15 15 15 25 25 25 25 25 30 30 30 30 30 30 30 30 30 30 25 5 Final Carried 30 | 7 15 15 15 15 15 15 15 15 15 25 25 25 25 25 30 30 30 30 30 30 30 30 30 30 25 5 Class Distribution -------------------- 47% | Botlord-Tank 19% | Botlord-Gunner 15% | Mutant 8% | Bothacker-Tank 3% | Tank Dominant Class ---------------- Mutant | -10/Materials Mutant | -10/Mines Mutant | -9/Materials Mutant | -9/Storage Mutant | -9/Garrison Skirmisher | -8/Materials Commander-Tank | -8/Garrison Tank | -8/Materials Bothacker-Tank | -8/Garrison Bothacker-Tank | -7/Factory Bothacker-Tank | -7/Garrison Botlord-Tank | -7/Factory Botlord-Tank | -7/Garrison Botlord-Tank | -6/Factory Botlord-Tank | -6/Garrison Botlord-Tank | -5/Factory Botlord-Tank | -5/Extension Botlord-Tank | -5/Cetus Botlord-Tank | -5/Archives Botlord-Tank | -5/Hub_04(d) Botlord-Gunner | -5/Garrison Botlord-Tank | -4/Factory Botlord-Tank | -4/Garrison Botlord-Gunner | -3/Research Botlord-Gunner | -2/Research Botlord-Gunner | -1/Access Resources | -11 -10 -10 -9 -9 -9 -8 -8 -8 -8 -7 -7 -7 -7 -6 -6 -5 -5 -5 -5 -5 -5 -4 -4 -3 -2 -1 ----------- Run | Yrd Mat Min Mat Sto Gar Mat Gar Mat Gar Fac Gar Fac Gar Fac Gar Fac Ext Cet Arc Hub Gar Fac Gar Res Res Acc Matter Collected 11418 | 250 215 15 432 418 74 30 70 160 176 24 411 111 712 602 871 59 580 40 5 114 1197 722 1748 1021 630 731 Remotely . | . . . . . . . . . . . . . . . . . . . . . . . . . . . Salvage Created 19837 | 25 383 . 1483 1153 431 . 31 931 1100 52 923 127 771 707 1588 98 480 203 103 100 1628 977 2271 2379 1243 650 Parts 864 | 4 15 . 77 56 15 . . 42 62 7 35 4 30 26 64 2 18 8 4 8 60 53 90 80 71 33 Haulers Intercepted 17 | . 2 . 6 5 . . . 2 . . . . . 1 . . . . . . . . . . 1 . Recyclers Shooed 5 | . . . . 1 . . . . . 1 . . . 2 . . . . . . . 1 . . . . Parts Field Recycled . | . . . . . . . . . . . . . . . . . . . . . . . . . . . Retrieved Matter . | . . . . . . . . . . . . . . . . . . . . . . . . . . . Parts Self-Destructed . | . . . . . . . . . . . . . . . . . . . . . . . . . . . Prevented . | . . . . . . . . . . . . . . . . . . . . . . . . . . . Parts Restored . | . . . . . . . . . . . . . . . . . . . . . . . . . . . Kills | -11 -10 -10 -9 -9 -9 -8 -8 -8 -8 -7 -7 -7 -7 -6 -6 -5 -5 -5 -5 -5 -5 -4 -4 -3 -2 -1 ------- Run | Yrd Mat Min Mat Sto Gar Mat Gar Mat Gar Fac Gar Fac Gar Fac Gar Fac Ext Cet Arc Hub Gar Fac Gar Res Res Acc Combat Hostiles Destroyed 305 | . 10 . 27 24 5 . . 15 26 . 13 3 18 8 17 1 4 1 1 1 21 16 31 34 21 8 Melee 1 | . . . . . . . . . . . . . . . . . . . . . . . . . . 1 Guns 34 | . 10 . 16 . . . . 3 . . 3 . . . . . . . . . . 2 . . . . Cannons 172 | . . . . 15 4 . . 11 23 . 9 3 14 8 14 1 3 . . 1 20 13 12 6 11 4 AOE 52 | . . . 11 8 . . . . 2 . . . 4 . 2 . . . . . . . 9 6 7 3 Classes Destroyed 23 | 1 3 . 3 3 1 . . 2 3 . 1 . . . 2 . . . . 1 2 . . 1 . . Worker 7 | . . . . . . . . 1 . 1 . . . . . . . . . . . 2 . . 3 . Builder 11 | . . . 2 1 . . . . . . . . . . . . . . . . . . . . 6 2 Tunneler 6 | 1 . . . . . . . . . . . . . . . 1 . . . . . 1 . . 1 2 Hauler 17 | . 2 . 6 5 . . . 2 . . . . . 1 . . . . . . . . . . 1 . Recycler 12 | . . . 2 3 . . . . . . . . . 2 . . 1 . . . . 1 . . 1 2 Mechanic 3 | . . . . 1 . . . . . . . . . . . . . . . . . . . . 1 1 Operator 2 | . . . . . . . . 1 . 1 . . . . . . . . . . . . . . . . Watcher 2 | . . . . . . . . . . . 1 . . . . . . . . . . . . . 1 . Swarmer 60 | . 6 . 7 5 . . . . 6 . 4 1 . 1 2 . 2 . . . 4 2 13 2 4 1 Cutter 4 | . . . . . . . . . . . . . . . 4 . . . . . . . . . . . Saboteur 4 | . . . . . . . . . . . . . . . 2 . . . . . 2 . . . . . Grunt 87 | . 4 . 15 10 3 . . 7 9 . . . 9 . 3 . 2 . . . 7 2 4 10 2 . Brawler 7 | . . . . . 1 . . 1 . . . 1 1 . . . . . . . . . 2 1 . . Duelist 3 | . . . . 1 . . . 2 . . . . . . . . . . . . . . . . . . Protector 1 | . . . . 1 . . . . . . . . . . . . . . . . . . . . . . Sentry 47 | . . . 5 7 1 . . 5 4 . 5 . 4 2 1 . 1 . 1 . 5 1 2 2 1 . Demolisher 3 | . . . . . . . . . . . . . . . . . . . . . . . . 3 . . Specialist 12 | . . . . . . . . . 3 . 3 . 2 . 1 . . . . . . . . 1 . 2 Hunter 27 | . . . . . . . . . 1 . 1 . . . 4 2 . . . . . 2 10 2 5 . Programmer 40 | . . . . . . . . . 3 . . 1 3 5 . . . . . . 3 9 . 2 9 5 Behemoth 1 | . . . . . . . . . . . . . . . . . . . . 1 . . . . . . Cetus Guard 1 | . . . . . . . . . . . . . . . . . . 1 . . . . . . . . Striker 11 | . . . . . . . . . . . . . . . . . . . . . 1 . . 10 . . Executioner 3 | . . . . . . . . . . . . . . . . . . . . . 1 . . 2 . . Butcher 1 | . . . . . . . . . . . . . . . . . 1 . . . . . . . . . Guerrilla 1 | . . . . . . . . . . . . . . . . . . 1 . . . . . . . . Best Kill Streak 11 | 1 4 . 7 11 3 . . 5 4 1 6 1 3 2 2 2 2 1 1 1 4 5 9 8 10 3 Combat Bots Only 10 | . 4 . 7 10 3 . . 4 4 . 6 1 3 2 2 1 2 1 1 1 4 3 9 8 5 3 Max Kills in Single Turn 6 | 1 1 . 6 4 1 . . 1 2 1 2 1 2 1 2 1 1 1 1 1 2 1 3 2 6 2 Gunslinging 1 | . . . . . . . . . . . 1 . . . . . . . . . . . . . . . Exploded 6 | . . . 6 3 . . . . 2 . . . 2 . 2 . . . . . . . 3 2 3 1 Melee 1 | . . . . . . . . . . . . . . . . . . . . . . . . . . 1 Uniques/NPCs Destroyed 1 | . . . . . . . . . . . . . . . . . . 1 . . . . . . . . A7 (-5/Cetus) Combat | -11 -10 -10 -9 -9 -9 -8 -8 -8 -8 -7 -7 -7 -7 -6 -6 -5 -5 -5 -5 -5 -5 -4 -4 -3 -2 -1 -------- Run | Yrd Mat Min Mat Sto Gar Mat Gar Mat Gar Fac Gar Fac Gar Fac Gar Fac Ext Cet Arc Hub Gar Fac Gar Res Res Acc Hostile Shots Fired 1714 | . 40 . 79 63 21 . . 24 64 . 224 14 52 95 83 10 35 3 . 41 77 68 186 94 165 276 Missed 545 | . 9 . 36 16 9 . . 6 17 . 86 4 24 28 32 3 8 2 . 17 14 21 53 27 60 73 Hits 1169 | . 31 . 43 47 12 . . 18 47 . 138 10 28 67 51 7 27 1 . 24 63 47 133 67 105 203 Melee 19 | . . . . 5 3 . . . . . . . . . 9 . . . . . 1 . . 1 . . Projectile 1150 | . 31 . 43 42 9 . . 18 47 . 138 10 28 67 42 7 27 1 . 24 62 47 133 66 105 203 AOE 6 | . . . . . . . . . . . . . . . 3 . . . . . . . . 3 . . Critical Strikes 44 | . . . 1 4 . . . 1 3 . 2 2 . 1 3 . . 2 . 1 3 1 3 2 6 9 Part Disruptions 4 | . . . . . . . . . . . . . . . . . . . . . . 1 . . 1 2 Damage Taken 17585 | . 413 . 534 666 173 . . 422 631 . 1206 80 210 670 493 69 362 121 55 335 1030 836 1620 1262 1278 5119 Core 2701 | . 98 . 20 78 12 . . 80 80 . 128 9 24 31 31 7 23 . . 11 124 12 146 109 74 1604 Absorbed by Shields 4988 | . . . . . . . . . 17 . 11 76 194 225 310 48 297 38 33 203 268 284 804 850 1127 203 Reduced by Siege Mode 19 | . . . . . . . . . . . . . . . . . . . . . . . . . . 19 Ignored by Resistances 453 | . . . . . . . . . . . 364 . . . . . . . . . . . 51 29 9 . Regen/Repaired (Parts) 669 | . 102 . . . . . . 73 . . . . . . . . . . . . . . . . 494 . Core Remaining (%) 82 | 100 . 60 . . 72 . . . 70 . . . 77 . 92 . . . . . 83 . 86 91 94 . Volleys Fired 1678 | 2 43 . 62 45 46 . 18 32 74 8 91 21 79 95 166 10 80 31 5 19 165 90 255 116 92 33 Largest 3 | 2 2 . 2 2 2 . 1 3 3 3 3 2 2 2 2 2 2 1 1 2 2 2 2 2 2 2 Hottest 245 | 40 100 . 106 136 136 . 75 233 238 233 245 141 141 141 171 141 171 90 81 156 157 157 145 152 112 116 Shots Fired 2320 | 4 82 . 120 83 84 . 18 91 164 17 131 24 105 117 200 13 94 31 5 30 226 123 290 119 109 40 Gun 391 | 4 78 . 116 3 . . 7 24 1 . 24 . . . . . . . . . . 12 122 . . . Cannon 1619 | . . . . 76 84 . 11 67 162 17 103 23 83 98 174 9 43 31 4 26 199 89 101 105 83 31 Launcher 67 | . . . 4 4 . . . . 1 . . . 10 . 2 2 . . . . . . 29 4 7 4 Special 243 | . 4 . . . . . . . . . 4 1 12 19 24 2 51 . 1 4 27 22 38 10 19 5 Kinetic 411 | 4 26 . . . . . . . . . 4 9 25 22 24 3 11 . . 4 49 35 79 20 67 29 Thermal 1303 | . 56 . 44 76 84 . 18 91 163 17 123 14 58 76 131 6 28 6 . 8 114 66 124 . . . Explosive 36 | . . . 4 4 . . . . 1 . . . 10 . 2 . . . . . . . . 4 7 4 Electromagnetic 333 | . . . 72 3 . . . . . . . . . . 19 2 4 25 4 14 36 . 51 85 16 2 Robot Hit Streak 52 | 1 8 . 20 16 30 . 27 32 16 6 29 11 8 15 31 3 22 15 10 11 23 20 52 17 18 16 Robot Miss Streak 6 | 1 3 . 5 4 1 . . 2 3 2 2 2 2 5 6 1 1 1 . 1 4 2 5 2 5 2 Penetration Max 1 | . . . . . . . . . . . . . . 1 1 . . . . . . . . . . . Secondary Targets 5 | . 1 . 3 . . . . . . . 1 . . . . . . . . . . . . . . . Max Gunslinging Chain 1 | . 1 . 1 . . . . . . . 1 . . . . . . . . . . . . . . . Capacitor 100 | . . . . . . . . . . . . . . . . . . . . . . . . 84 16 . Shots Hit Robots 1500 | 2 55 . 90 61 65 . 5 52 87 7 80 8 45 51 115 7 74 27 5 24 151 75 212 91 78 33 Core Hits 611 | 2 21 . 58 34 15 . 2 24 35 2 42 3 33 17 50 5 16 8 1 5 48 23 80 28 34 25 Critical Kills 18 | . . . . . . . . 1 1 . 1 2 6 2 2 . 1 . . . 1 1 . . . . Critical Parts Destroyed 19 | . . . . 1 . . . . . . 1 2 2 6 2 1 4 . . . . . . . . . Critical Strikes 75 | . 4 . 5 1 . . . 4 1 . 2 4 9 8 5 1 5 . . . 5 1 14 3 2 1 Burn 17 | . 4 . 4 . . . . 3 . . . . . . . . . . . . . . 6 . . . Meltdown 5 | . . . . . . . . 1 1 . . . . . . . 1 . . . 1 1 . . . . Destroy 33 | . . . . . . . . . . . 2 4 9 8 5 1 4 . . . . . . . . . Blast 16 | . . . . . . . . . . . . . . . . . . . . . 4 . 7 2 2 1 Corrupt 3 | . . . 1 . . . . . . . . . . . . . . . . . . . 1 1 . . Smash 1 | . . . . 1 . . . . . . . . . . . . . . . . . . . . . . Melee Attacks 20 | . . . . 17 . . . . . . . . . . . . . . . . . . . . . 3 Impact 17 | . . . . 17 . . . . . . . . . . . . . . . . . . . . . . Slashing . | . . . . . . . . . . . . . . . . . . . . . . . . . . . Piercing 3 | . . . . . . . . . . . . . . . . . . . . . . . . . . 3 Sneak Attacks 10 | . . . . 8 . . . . . . . . . . . . . . . . . . . . . 2 Combat Hostiles . | . . . . . . . . . . . . . . . . . . . . . . . . . . . Follow-up Attacks . | . . . . . . . . . . . . . . . . . . . . . . . . . . . Damage Inflicted 46856 | 13 634 . 2577 2708 1439 . 106 1306 2479 201 2122 148 1658 1154 3355 249 952 483 120 595 4385 2383 5541 4483 5450 2315 Guns 5263 | 13 634 . 1364 16 . . 23 370 . . 561 . . . . . . . . . . 287 1995 . . . Cannons 31620 | . . . . 951 1439 . 83 936 2312 201 1561 148 1092 1154 3211 121 952 483 120 595 4385 2096 2169 3486 3018 1107 Explosions 8719 | . . . 1213 935 . . . . 167 . . . 566 . 144 128 . . . . . . 1355 997 2432 782 Melee 996 | . . . . 806 . . . . . . . . . . . . . . . . . . . . . 190 Ramming 236 | . . . . . . . . . . . . . . . . . . . . . . . . . . 236 Kinetic 8423 | 13 131 . . . . . . . . . 71 107 221 276 203 21 149 . . 35 1126 739 1472 317 2506 1036 Thermal 21970 | . 503 . 784 951 1439 . 106 1306 2312 201 2051 41 871 878 2542 100 704 173 . 309 2598 1644 2276 181 . . Explosive 6857 | . . . 887 935 . . . . 167 . . . 566 . 144 128 . . . . . . . 816 2432 782 Electromagnetic 8374 | . . . 906 16 . . . . . . . . . . 466 . 99 310 120 251 661 . 1793 3169 512 71 Impact 806 | . . . . 806 . . . . . . . . . . . . . . . . . . . . . . Slashing . | . . . . . . . . . . . . . . . . . . . . . . . . . . . Piercing 190 | . . . . . . . . . . . . . . . . . . . . . . . . . . 190 Highest Corruption 49 | . . . 4 4 4 . . . 1 . . 1 1 3 5 . . . . 3 4 8 4 . 9 49 Average Corruption 4 | . . . 4 4 4 . . . 1 . . 1 1 2 3 . . . . 2 3 4 4 . 6 21 Corruption Purged 5 | . . . . . . . . . . . . 1 . . . . . . . . . 4 . . . . Corruption Blocked . | . . . . . . . . . . . . . . . . . . . . . . . . . . . Effects 371 | . . . 32 40 11 . . . 13 . . . 8 7 36 . . . . 5 53 32 73 . 20 41 Message Errors 83 | . . . 4 7 2 . . . 2 . . . 2 . 11 . . . . 2 18 5 18 . 3 9 Matter Fused 92 | . . . 6 9 2 . . . 4 . . . 3 3 6 . . . . 1 14 8 22 . 6 8 Heat Flow Errors 44 | . . . 2 6 1 . . . . . . . 1 1 3 . . . . 2 5 5 11 . 3 4 Energy Discharges 35 | . . . 5 6 3 . . . 1 . . . . 2 2 . . . . . 1 3 5 . . 7 Parts Rejected 7 | . . . . 3 . . . . . . . . . . . . . . . . 1 . . . 2 1 Parts Fused 4 | . . . . 1 . . . . . . . . . . 1 . . . . . . 1 1 . . . Data Loss (minor) 42 | . . . 10 3 1 . . . 2 . . . . 1 5 . . . . . 3 4 6 . 1 6 Data Loss (major) 18 | . . . 2 1 . . . . 1 . . . 1 . 4 . . . . . 4 2 2 . 1 . Misfires 20 | . . . 2 3 1 . . . 2 . . . 1 . 1 . . . . . 4 . 4 . 1 1 Alerts 12 | . . . 1 . . . . . 1 . . . . . 2 . . . . . 2 2 2 . 1 1 Misdirections 2 | . . . . . . . . . . . . . . . . . . . . . . . . . . 2 Weapon Failures 12 | . . . . 1 1 . . . . . . . . . 1 . . . . . 1 2 2 . 2 2 Overload Shots . | . . . . . . . . . . . . . . . . . . . . . . . . . . . Overflow Damage 1818 | . . . 44 292 39 . 2 11 87 17 . . 12 24 91 . 10 . . 2 80 160 86 87 589 185 Projectiles 995 | . . . . . 39 . 2 11 87 17 . . 2 24 91 . 10 . . 2 80 160 68 37 228 137 Explosions 538 | . . . 44 23 . . . . . . . . 10 . . . . . . . . . 18 50 361 32 Melee 285 | . . . . 269 . . . . . . . . . . . . . . . . . . . . . 16 Knockbacks 75 | . . . . 3 . . . . . . . 2 2 3 1 . 1 . . . 6 4 16 1 22 14 Impact 6 | . . . . 3 . . . . . . . . . . . . . . . . . . . . . 3 Kinetic 65 | . . . . . . . . . . . . 2 2 3 1 . 1 . . . 6 3 14 1 21 11 Secondary 4 | . . . . . . . . . . . . . . . . . . . . . . 1 2 . 1 . Self-Inflicted Damage 251 | . . . . . . . . . . . . . . . . . . . . . . . 5 . 47 199 Shots 4 | . . . . . . . . . . . . . . . . . . . . . . . 1 . 1 2 Rammed 51 | . . . . . . . . . . . . . . . . . . . . . . . . . . 51 Targets Rammed 52 | . . . . . . . . . . . . . . . . . . . . . . . . . . 52 Kicked . | . . . . . . . . . . . . . . . . . . . . . . . . . . . Crushed 1 | . . . . . . . . . . . . . . . . . . . . . . . . . . 1 Highest Temperature 411 | . 90 . 177 227 209 . . 300 63 6 60 144 345 384 357 56 197 108 32 210 411 280 361 339 198 217 Average Temperature 79 | . 32 . 49 30 103 . . 84 16 4 23 47 57 101 75 12 43 41 20 93 64 76 103 111 80 77 Received Heat Transfer 2025 | . 108 . 228 204 54 . . 72 202 . 232 8 53 68 10 . 72 . 21 34 169 34 139 65 252 . Effects 3 | . . . . . . . . 1 . . . . . 1 1 . . . . . . . . . . . Energy Bleed 3 | . . . . . . . . 1 . . . . . 1 1 . . . . . . . . . . . Siege Activations 1 | . . . . . . . . . . . . . . . . . . . . . . . . . . 1 Total Turns 11 | . . . . . . . . . . . . . . . . . . . . . . . . . . 11 Longest Duration 11 | . . . . . . . . . . . . . . . . . . . . . . . . . . 11 Martial Activations . | . . . . . . . . . . . . . . . . . . . . . . . . . . . Shielding Activations . | . . . . . . . . . . . . . . . . . . . . . . . . . . . Robots Disrupted 1 | . . . . . . . . . . . . . . . . . . . . . 1 . . . . . Combat Hostiles 1 | . . . . . . . . . . . . . . . . . . . . . 1 . . . . . Robots Corrupted 47 | . . . . 5 . . . . . . . . . . 1 . . 2 1 . 1 . 10 22 4 1 Combat Hostiles 40 | . . . . 1 . . . . . . . . . . 1 . . 1 1 . 1 . 10 22 3 . Parts Fried 83 | . . . 6 5 . . . . . . . . . . 3 . . 9 1 1 2 . 13 32 9 2 Impact Corruptions 20 | . . . . 13 . . . . . . . . . . . . . . . . . . 3 . 1 3 Robots Melted 8 | . . . 1 . 1 . . 1 1 . 1 . . . . . 1 . . . 1 1 . . . . Combat Hostiles 6 | . . . . . 1 . . 1 1 . 1 . . . . . 1 . . . . 1 . . . . Parts Melted 64 | . 3 . 7 3 4 . . 10 11 . 13 . 2 1 . . 2 . . . 5 2 . 1 . . Heat Transferred 32901 | . 1776 . 2091 1669 2442 . 198 2701 3449 322 3326 37 888 851 2682 111 721 166 . 296 2646 1332 5147 50 . . Parts Sabotaged 2 | . . . . . . . . . . . . . . . . . . . . . 2 . . . . . Parts Stolen . | . . . . . . . . . . . . . . . . . . . . . . . . . . . Parts Stripped . | . . . . . . . . . . . . . . . . . . . . . . . . . . . Power Chain Reactions 13 | . . . 8 . . . . . . . . . . . . . . . . . . . 4 1 . . Alert | -11 -10 -10 -9 -9 -9 -8 -8 -8 -8 -7 -7 -7 -7 -6 -6 -5 -5 -5 -5 -5 -5 -4 -4 -3 -2 -1 ------- Run | Yrd Mat Min Mat Sto Gar Mat Gar Mat Gar Fac Gar Fac Gar Fac Gar Fac Ext Cet Arc Hub Gar Fac Gar Res Res Acc Maximum Alert Level 4 | . . . 2 2 2 1 2 2 3 2 4 2 3 2 3 2 1 . . . 3 2 3 2 1 . Low Security (%) 41 | 100 100 100 69 39 . 27 4 3 . . . . 4 68 15 . 98 100 100 100 14 43 35 50 60 100 Level 1 25 | . . . 25 36 47 72 75 80 7 42 17 16 19 27 26 41 1 . . . 18 40 9 39 39 . Level 2 25 | . . . 5 24 52 . 19 16 46 57 43 83 68 3 52 58 . . . . 35 16 37 9 . . Level 3 7 | . . . . . . . . . 46 . 29 . 7 . 6 . . . . . 31 . 16 . . . Level 4 . | . . . . . . . . . . . 10 . . . . . . . . . . . . . . . Level 5 . | . . . . . . . . . . . . . . . . . . . . . . . . . . . High Security . | . . . . . . . . . . . . . . . . . . . . . . . . . . . Max Security . | . . . . . . . . . . . . . . . . . . . . . . . . . . . Peak Influence 1236 | 5 95 50 415 481 559 272 461 462 1034 542 1236 684 820 430 725 486 210 78 71 172 1047 549 842 473 300 163 Initial 648 | . . . 3 169 295 272 107 224 270 542 218 648 182 430 25 380 179 66 . 10 92 549 76 473 252 163 Average 312 | . 25 7 133 275 418 224 345 299 653 421 683 531 529 130 445 413 96 29 39 67 550 254 415 201 165 33 Influence Increases 13263 | 5 340 60 900 897 264 4 354 726 804 16 1118 362 658 276 890 167 582 238 134 344 1145 328 956 882 531 282 Destroy 0b10 Robot/C 5859 | . 200 . 540 500 100 . . 400 540 . 520 160 345 120 324 12 216 96 48 108 370 170 360 440 210 80 Destroy 0b10 Robot/NC 411 | 5 10 . 50 55 15 . . 40 . 10 25 . . 12 30 3 15 6 3 18 15 12 24 . 42 21 Destroy Leader 967 | . 54 . 122 130 10 . . 126 30 . 40 60 40 58 16 6 20 . . 36 12 35 15 85 57 15 Allied During Kill 1015 | . . . . 6 . . . 92 9 . 119 43 1 . 27 2 177 102 51 115 137 12 21 77 24 . Successful Hack 207 | . 12 . 24 9 14 4 14 7 . . 20 36 . 4 11 . 4 . . . 17 5 7 19 . . Disable Machine 910 | . . . 105 120 . . . 45 60 . 60 45 42 12 66 72 45 . 18 . 68 16 48 48 32 8 Anti-Garrison Action 1979 | . . . . . 100 . 300 . 100 . 250 . 113 . 256 . . . . . 410 . 375 75 . . Destroy Structure 1375 | . 4 . 44 17 25 . 40 16 35 6 84 18 102 46 100 72 42 34 14 58 100 70 66 106 166 110 Partial Spotted 8 | . . . . . . . . . . . . . . . . . . . . . . . 8 . . . Lose Combat Pursuer 532 | . 60 60 15 60 . . . . 30 . . . 15 24 60 . 63 . . 9 16 8 32 32 . 48 Influence Decreases 13263 | 5 339 51 510 843 159 397 59 771 186 738 194 1338 98 1059 202 525 830 357 103 243 230 1266 223 1274 708 555 Entered New Map 4636 | . . 1 7 231 159 287 59 237 146 492 94 588 78 390 12 345 188 53 . 21 40 498 33 369 198 110 Time Decay 6333 | 5 339 40 483 562 . 110 . 474 . 246 . 410 . 578 . 160 558 182 50 172 . 598 . 686 440 240 Lost Part 483 | . . . 20 10 . . . . . . 60 . . . 10 . 10 . . 10 50 20 50 30 20 193 Lost Ally 1511 | . . 10 . 40 . . . 60 40 . 40 40 20 91 180 20 74 122 53 40 140 150 140 189 50 12 Purge Threat 300 | . . . . . . . . . . . . 300 . . . . . . . . . . . . . . Squads Dispatched 45 | . 2 1 1 4 . 1 . . . . . 3 . 12 . . 2 . . 2 . 3 . 7 4 3 Investigation 4 | . . . 1 . . . . . . . . . . . . . . . . . . . . 3 . . Extermination 16 | . . . . . . . . . . . . 3 . 5 . . . . . 1 . 3 . . 2 2 Reinforcement 20 | . 2 . . 2 . 1 . . . . . . . 5 . . 2 . . 1 . . . 4 2 1 Assault 5 | . . 1 . 2 . . . . . . . . . 2 . . . . . . . . . . . . Garrison . | . . . . . . . . . . . . . . . . . . . . . . . . . . . Intercept . | . . . . . . . . . . . . . . . . . . . . . . . . . . . Searches Triggered . | . . . . . . . . . . . . . . . . . . . . . . . . . . . Unchained Authorized 1 | . . . . . . . . . . . . . . . . . . . . . . 1 . . . . Construction Impeded 1 | . . . . 1 . . . . . . . . . . . . . . . . . . . . . . Haulers Reinforced 4 | . . . . . . . . . . . . . . 2 . . . . . . . . . 1 1 . Active Scanning Responses . | . . . . . . . . . . . . . . . . . . . . . . . . . . . Cargo Convoy Interrupts . | . . . . . . . . . . . . . . . . . . . . . . . . . . . Alert ID Control Effect 49 | . . . . . . . . . . . 1 . 1 1 13 . 11 . . . 9 . 4 7 2 . Stealth | -11 -10 -10 -9 -9 -9 -8 -8 -8 -8 -7 -7 -7 -7 -6 -6 -5 -5 -5 -5 -5 -5 -4 -4 -3 -2 -1 --------- Run | Yrd Mat Min Mat Sto Gar Mat Gar Mat Gar Fac Gar Fac Gar Fac Gar Fac Ext Cet Arc Hub Gar Fac Gar Res Res Acc Distress Signals 26 | . . . 2 6 . . . 1 . . 1 . . 1 . . . 2 . 2 . . . 11 . . Communications Jammed 362 | . . . . . . . . . . . . . . . . 7 34 123 . 1 . 68 81 15 33 . Distress Signals 362 | . . . . . . . . . . . . . . . . 7 34 123 . 1 . 68 81 15 33 . Times Spotted 623 | . 25 2 32 45 5 1 . 32 25 2 33 10 18 32 40 3 37 9 4 11 56 34 51 62 33 21 Peak Tracking Total 12 | . 4 4 8 12 3 1 . 4 4 1 6 3 4 7 5 2 7 5 2 5 8 6 7 8 6 7 Tactical Retreats 33 | . 3 1 1 2 . . . . 2 . . . 1 2 3 . 3 . . 1 2 1 3 4 . 4 Traps | -11 -10 -10 -9 -9 -9 -8 -8 -8 -8 -7 -7 -7 -7 -6 -6 -5 -5 -5 -5 -5 -5 -4 -4 -3 -2 -1 ------- Run | Yrd Mat Min Mat Sto Gar Mat Gar Mat Gar Fac Gar Fac Gar Fac Gar Fac Ext Cet Arc Hub Gar Fac Gar Res Res Acc Traps Triggered 86 | . 2 . . 1 . 1 3 4 8 1 10 . 10 2 6 2 2 . . . 10 . 17 6 . 1 Indirectly 13 | . . . . . . . . . . . . . . . . 2 . . . . . . 11 . . . Trap Hack Attempts . | . . . . . . . . . . . . . . . . . . . . . . . . . . . Triggered . | . . . . . . . . . . . . . . . . . . . . . . . . . . . Disarmed . | . . . . . . . . . . . . . . . . . . . . . . . . . . . Reprogrammed . | . . . . . . . . . . . . . . . . . . . . . . . . . . . Reused . | . . . . . . . . . . . . . . . . . . . . . . . . . . . Traps Extracted . | . . . . . . . . . . . . . . . . . . . . . . . . . . . Installed . | . . . . . . . . . . . . . . . . . . . . . . . . . . . Triggered . | . . . . . . . . . . . . . . . . . . . . . . . . . . . Most Traps Carried 4 | . . . . . . . . . . . . . . . . . . . . . . . 4 4 4 . Machines | -11 -10 -10 -9 -9 -9 -8 -8 -8 -8 -7 -7 -7 -7 -6 -6 -5 -5 -5 -5 -5 -5 -4 -4 -3 -2 -1 ---------- Run | Yrd Mat Min Mat Sto Gar Mat Gar Mat Gar Fac Gar Fac Gar Fac Gar Fac Ext Cet Arc Hub Gar Fac Gar Res Res Acc Machines Disabled 104 | . . . 7 8 2 . 2 3 4 . 7 3 4 1 11 8 5 . 2 . 14 2 9 7 4 1 Max in Single Turn 4 | . . . 1 1 1 . 1 1 1 . 1 1 1 1 1 4 1 . . . 1 . 1 1 1 1 Garrison Access 4 | . . . . . . . . . . . . . . 2 . . . . . . . 1 . 1 . . Garrison Relay 20 | . . . . . 2 . 2 . . . 3 . 1 . 4 . . . . . 4 . 4 . . . Machines Repaired . | . . . . . . . . . . . . . . . . . . . . . . . . . . . Machines Dismantled 10 | . . . . 2 . . . . 1 . . . . . 1 . 5 . . . 1 . . . . . Machines Sabotaged . | . . . . . . . . . . . . . . . . . . . . . . . . . . . Overloaded Fab Kills . | . . . . . . . . . . . . . . . . . . . . . . . . . . . Hacking | -11 -10 -10 -9 -9 -9 -8 -8 -8 -8 -7 -7 -7 -7 -6 -6 -5 -5 -5 -5 -5 -5 -4 -4 -3 -2 -1 --------- Run | Yrd Mat Min Mat Sto Gar Mat Gar Mat Gar Fac Gar Fac Gar Fac Gar Fac Ext Cet Arc Hub Gar Fac Gar Res Res Acc Machines Accessed 105 | . 7 . 7 11 2 4 3 9 4 1 3 8 2 7 1 1 9 . . 1 3 7 2 11 2 . Terminals 73 | . 5 . 6 10 2 3 3 5 4 . 3 6 2 2 1 1 9 . . . 3 3 2 2 1 . Fabricators 3 | . . . . . . . . . . . . . . 1 . . . . . . . . . 1 1 . Repair Stations 6 | . 1 . . . . . . 2 . . . . . . . . . . . . . 1 . 2 . . Recycling Units 6 | . 1 . . . . . . . . . . . . 2 . . . . . . . 1 . 2 . . Scanalyzers 7 | . . . 1 . . . . 1 . . . 1 . . . . . . . . . . . 4 . . Garrison Access 10 | . . . . 1 . 1 . 1 . 1 . 1 . 2 . . . . . 1 . 2 . . . . Total Hacks 184 | . 16 . 17 17 2 7 4 17 7 1 4 21 2 12 1 2 14 . . 1 7 11 2 17 2 . Successful 94 | . 15 . 7 10 1 2 2 13 1 1 3 11 1 4 1 2 1 . . 1 2 7 2 7 . . Failed 88 | . 1 . 10 7 1 5 2 4 6 . 1 9 1 8 . . 13 . . . 5 4 . 9 2 . Catastrophic 18 | . . . 2 3 . . . . 1 . . 2 1 . . . 3 . . . . 3 . 2 1 . Database Lockouts 2 | . . . . . . . . . . . . 1 . . . . . . . . . . . 1 . . Manual 48 | . 9 . 9 9 . 6 . 6 . . . 5 . . . 1 . 1 . . . 1 . 1 . . Terminals 123 | . 9 . 13 16 2 6 4 9 7 . 4 12 2 3 1 2 14 . . . 7 6 2 3 1 . Fabricators 6 | . . . . . . . . . . . . . . 3 . . . . . . . . . 2 1 . Repair Stations 15 | . 6 . . . . . . 5 . . . . . . . . . . . . . 1 . 3 . . Recycling Units 9 | . 1 . . . . . . . . . . . . 4 . . . . . . . 2 . 2 . . Scanalyzers 21 | . . . 4 . . . . 2 . . . 8 . . . . . . . . . . . 7 . . Garrison Access 10 | . . . . 1 . 1 . 1 . 1 . 1 . 2 . . . . . 1 . 2 . . . . Terminal Hacks 32 | . . . 1 4 1 . 2 1 1 . 3 5 1 1 1 1 1 . . . 2 4 2 1 . . Robot Analysis 4 | . . . 1 1 . . . . . . . 2 . . . . . . . . . . . . . . Open Door 5 | . . . . 2 . . . . . . 1 . . . . . 1 . . . . . 1 . . . Branch Access Points 2 | . . . . . . . . . . . . . . . . 1 . . . . . 1 . . . . Emergency Access Points 7 | . . . . . . . 1 . . . 1 . 1 . 1 . . . . . 1 1 1 . . . Alert Level 1 | . . . . 1 . . . . . . . . . . . . . . . . . . . . . . Unreport Threat 2 | . . . . . . . . . . . . 2 . . . . . . . . . . . . . . Locate Traps 1 | . . . . . . . . . . . . 1 . . . . . . . . . . . . . . Hauler Manifests 4 | . . . . . . . . 1 . . . . . 1 . . . . . . . 1 . 1 . . Zone Layout 1 | . . . . . . . . . . . . . . . . . . . . . . 1 . . . . Garrison Registry 1 | . . . . . 1 . . . . . . . . . . . . . . . . . . . . . Patrol Navigation 1 | . . . . . . . 1 . . . . . . . . . . . . . . . . . . . Security Stations 3 | . . . . . . . . . 1 . 1 . . . . . . . . . 1 . . . . . Fabricator Hacks . | . . . . . . . . . . . . . . . . . . . . . . . . . . . Repair Station Hacks 11 | . 6 . . . . . . 4 . . . . . . . . . . . . . . . 1 . . Scan Component 6 | . 3 . . . . . . 2 . . . . . . . . . . . . . . . 1 . . Repair 4 | . 2 . . . . . . 2 . . . . . . . . . . . . . . . . . . Refit 1 | . 1 . . . . . . . . . . . . . . . . . . . . . . . . . Recycling Unit Hacks 4 | . 1 . . . . . . . . . . . . 1 . . . . . . . 1 . 1 . . Retrieve Components 4 | . 1 . . . . . . . . . . . . 1 . . . . . . . 1 . 1 . . Scanalyzer 11 | . . . 1 . . . . 2 . . . 5 . . . . . . . . . . . 3 . . Insert Component 3 | . . . . . . . . 1 . . . 2 . . . . . . . . . . . . . . Analyze 2 | . . . . . . . . . . . . 2 . . . . . . . . . . . . . . Retrieve Study 6 | . . . 1 . . . . 1 . . . 1 . . . . . . . . . . . 3 . . Garrison Access Hacks 10 | . . . . 1 . 1 . 1 . 1 . 1 . 2 . . . . . 1 . 2 . . . . Unlock Access 8 | . . . . 1 . 1 . 1 . 1 . 1 . 1 . . . . . 1 . 1 . . . . Seal Access 2 | . . . . . . . . . . . . . . 1 . . . . . . . 1 . . . . Unauthorized Hacks 26 | . 8 . 5 5 . 1 . 5 . . . . . . . 1 . . . . . . . 1 . . Terminals 26 | . 8 . 5 5 . 1 . 5 . . . . . . . 1 . . . . . . . 1 . . Assimilate 2 | . 2 . . . . . . . . . . . . . . . . . . . . . . . . . Botnet 2 | . 1 . . . . . . . . . . . . . . . . . . . . . . 1 . . Skim 22 | . 5 . 5 5 . 1 . 5 . . . . . . . 1 . . . . . . . . . . Fabricators . | . . . . . . . . . . . . . . . . . . . . . . . . . . . Repair Stations . | . . . . . . . . . . . . . . . . . . . . . . . . . . . Recycling Units . | . . . . . . . . . . . . . . . . . . . . . . . . . . . Scanalyzers . | . . . . . . . . . . . . . . . . . . . . . . . . . . . Garrison Access . | . . . . . . . . . . . . . . . . . . . . . . . . . . . Data Cores Recovered 2 | . . . . . . . . 1 . . . . . . . . 1 . . . . . . . . . Used . | . . . . . . . . . . . . . . . . . . . . . . . . . . . Hacking Detections 70 | . 3 . 4 7 2 3 2 7 4 1 1 3 1 5 1 1 8 . . 1 3 3 1 7 2 . Full Trace Events . | . . . . . . . . . . . . . . . . . . . . . . . . . . . Feedback Events . | . . . . . . . . . . . . . . . . . . . . . . . . . . . Feedback Blocked . | . . . . . . . . . . . . . . . . . . . . . . . . . . . Robot Schematics Acquired . | . . . . . . . . . . . . . . . . . . . . . . . . . . . Robots Built . | . . . . . . . . . . . . . . . . . . . . . . . . . . . Authchips . | . . . . . . . . . . . . . . . . . . . . . . . . . . . Time . | . . . . . . . . . . . . . . . . . . . . . . . . . . . Total Robot Build Rating . | . . . . . . . . . . . . . . . . . . . . . . . . . . . Part Schematics Acquired 1 | . . . . . . . . . . . . 1 . . . . . . . . . . . . . . Parts Built . | . . . . . . . . . . . . . . . . . . . . . . . . . . . Authchips . | . . . . . . . . . . . . . . . . . . . . . . . . . . . Time . | . . . . . . . . . . . . . . . . . . . . . . . . . . . Total Part Build Rating . | . . . . . . . . . . . . . . . . . . . . . . . . . . . Part Studies Acquired 6 | . . . 1 . . . . 1 . . . 1 . . . . . . . . . . . 3 . . Parts Repaired 4 | . 2 . . . . . . 2 . . . . . . . . . . . . . . . . . . Time 116 | . 52 . . . . . . 64 . . . . . . . . . . . . . . . . . . Parts Recycled . | . . . . . . . . . . . . . . . . . . . . . . . . . . . Recycled Matter . | . . . . . . . . . . . . . . . . . . . . . . . . . . . Retrieved Matter . | . . . . . . . . . . . . . . . . . . . . . . . . . . . Retrieved Components 3 | . 1 . . . . . . . . . . . . . . . . . . . . . . 2 . . Parts Scanalyzed 1 | . . . . . . . . . . . . 1 . . . . . . . . . . . . . . Part Schematics Acquired 1 | . . . . . . . . . . . . 1 . . . . . . . . . . . . . . Parts Damaged . | . . . . . . . . . . . . . . . . . . . . . . . . . . . Bothacking | -11 -10 -10 -9 -9 -9 -8 -8 -8 -8 -7 -7 -7 -7 -6 -6 -5 -5 -5 -5 -5 -5 -4 -4 -3 -2 -1 ------------ Run | Yrd Mat Min Mat Sto Gar Mat Gar Mat Gar Fac Gar Fac Gar Fac Gar Fac Ext Cet Arc Hub Gar Fac Gar Res Res Acc Used RIF Installer 10 | . . . . . 1 . 1 . 1 . 1 . 2 . 1 . . . . . 1 . 2 . . . Coupler Efficiency 1 | . . . . . . . . . . . 1 . . . . . . . . . . . . . . . Hotswap 1 | . . . . . . . . . . . . . . . . . . . . . . . 1 . . . Code Merge 1 | . . . . . . . . . . . . . 1 . . . . . . . . . . . . . Threat Obfuscator 3 | . . . . . . . . . . . . . 1 . 1 . . . . . 1 . . . . . Signal Jammer 1 | . . . . . . . . . 1 . . . . . . . . . . . . . . . . . Alert ID Control 1 | . . . . . . . 1 . . . . . . . . . . . . . . . . . . . Structural Interface 1 | . . . . . . . . . . . . . . . . . . . . . . . 1 . . . Robots Hacked 103 | . . . . . . . . . . . 3 1 7 11 4 2 7 . 1 3 12 18 13 8 11 2 Non-combat 28 | . . . . . . . . . . . . . . 4 . 1 1 . 1 1 . 10 . 1 8 1 Combat 75 | . . . . . . . . . . . 3 1 7 7 4 1 6 . . 2 12 8 13 7 3 1 Robot Hacks Applied 111 | . . . . . . . . . . . 3 1 7 12 4 2 7 . 1 3 15 18 15 9 12 2 parse_system 8 | . . . . . . . . . . . 1 . . . . . 2 . 1 . 2 1 1 . . . no_distress 1 | . . . . . . . . . . . . . . 1 . . . . . . . . . . . . find_chute 2 | . . . . . . . . . . . . . . . . . . . . . . 2 . . . . map_walls 4 | . . . . . . . . . . . . . . . . . . . . . . 1 . . 3 . map_earth 2 | . . . . . . . . . . . . . . 1 . . . . . . . . . . 1 . drop_inventory 6 | . . . . . . . . . . . . . . . . . . . . 1 . 3 . . 1 1 map_route 3 | . . . . . . . . . . . . . . . . . . . . . . 2 . . 1 . amplify_resonance 9 | . . . . . . . . . . . 1 . 1 1 2 . . . . . 1 1 2 . . . wipe_record 9 | . . . . . . . . . . . . . 3 . . . . . . 1 2 1 2 . . . disable_weapons 1 | . . . . . . . . . . . . . . . . . . . . . . . . 1 . . reboot_system 8 | . . . . . . . . . . . . . . . . . . . . . 2 . 1 4 1 . overwrite_iff 25 | . . . . . . . . . . . . 1 3 5 1 1 1 . . . 2 4 3 3 1 . streamctrl_high 8 | . . . . . . . . . . . . . . 2 1 . . . . . 3 . 2 . . . formatsys_low 6 | . . . . . . . . . . . . . . 2 . . 1 . . . . . . 1 2 . formatsys_high 19 | . . . . . . . . . . . 1 . . . . 1 3 . . 1 3 3 4 . 2 1 Relay Couplers Released 85 | . . . . . 9 . 8 . . . 12 . 3 2 15 . . . . . 18 . 16 2 . . Machine Destruction 85 | . . . . . 9 . 8 . . . 12 . 3 2 15 . . . . . 18 . 16 2 . . Attached 43 | . . . . . . . . . . . 1 1 2 4 2 1 2 . . . 8 4 6 2 2 8 Merged Code Value 169 | . . . . . . . . . . . . . . . 21 . . . . . 120 . 28 . . . Fabnet Peak Effective % . | . . . . . . . . . . . . . . . . . . . . . . . . . . . Robots Rewired 49 | . . . . . . . 6 . . . . . . . 10 . 16 . . . 6 . 11 . . . Allies Hacked 8 | . . . . . . . . . . . . . . . . . . . . . . 1 . 1 5 1 Hacks Repelled . | . . . . . . . . . . . . . . . . . . . . . . . . . . . Allies | -11 -10 -10 -9 -9 -9 -8 -8 -8 -8 -7 -7 -7 -7 -6 -6 -5 -5 -5 -5 -5 -5 -4 -4 -3 -2 -1 -------- Run | Yrd Mat Min Mat Sto Gar Mat Gar Mat Gar Fac Gar Fac Gar Fac Gar Fac Ext Cet Arc Hub Gar Fac Gar Res Res Acc Total Allies 131 | . 2 1 . 2 . . 6 . 1 . 5 1 3 8 12 2 31 5 . 1 14 7 20 4 5 1 Largest Group 22 | . 2 3 . 2 . . 6 6 1 . 4 3 1 3 8 2 22 22 13 10 6 4 8 9 3 1 Highest-Rated Group 862 | . 20 51 . 62 . . 98 98 31 . 208 188 32 83 164 59 771 862 681 601 432 201 348 374 132 64 Highest-Rated Ally 159 | . 10 31 . 31 . . 31 31 31 . 95 95 32 29 51 49 159 159 96 96 99 85 116 119 64 64 Total Orders 119 | . 6 . . . . . . 5 . . . . . . 33 2 2 3 . 3 24 14 10 6 11 . STAY 62 | . 3 . . . . . . 3 . . . . . . 20 1 1 2 . 2 12 7 5 4 2 . FOLLOW 50 | . 3 . . . . . . 2 . . . . . . 13 1 1 1 . 1 12 5 5 2 4 . AID 5 | . . . . . . . . . . . . . . . . . . . . . . . . . 5 . EXPLORE 1 | . . . . . . . . . . . . . . . . . . . . . . 1 . . . . RETURN 1 | . . . . . . . . . . . . . . . . . . . . . . 1 . . . . Ally Attacks 928 | . . 9 . 8 . . . 72 7 . 41 23 5 21 121 8 158 54 36 58 117 36 54 85 13 2 Total Damage 26226 | . . 126 . 106 . . . 989 120 . 1360 605 172 303 1804 108 3768 1927 1548 2775 4428 1098 1606 2828 520 35 Kills 165 | . . . . 2 . . . 11 1 . 15 5 1 1 20 . 31 9 4 14 21 1 9 18 2 . Allies Corrupted 5 | . . . . . . . . . . . . . . . . . . 1 . . . 1 . . 2 1 Allies Melted 2 | . . . . . . . . . . . . . . . . . . . . . . . 1 1 . . Intel | -11 -10 -10 -9 -9 -9 -8 -8 -8 -8 -7 -7 -7 -7 -6 -6 -5 -5 -5 -5 -5 -5 -4 -4 -3 -2 -1 ------- Run | Yrd Mat Min Mat Sto Gar Mat Gar Mat Gar Fac Gar Fac Gar Fac Gar Fac Ext Cet Arc Hub Gar Fac Gar Res Res Acc Active Infowar (turns) 18410 | 20 965 298 1145 . . 208 792 1173 37 491 254 966 694 2045 535 211 47 . . 440 481 1690 1289 2820 1087 722 Optics 8160 | . . . . . . 208 792 53 . . . . . 2016 535 . . . . . . . . 2820 1087 649 Sensors 2 | . . 2 . . . . . . . . . . . . . . . . . . . . . . . . IFF 454 | . . . . . . . . . . . . . . . . . . . . . . . . . 9 445 Traps 59 | . . . . . . . . . . . . . . . . . . . . . . . 59 . . . Seismic 12332 | 20 965 296 1145 . . . . 1120 37 491 254 962 694 1758 360 211 47 . . 440 481 1689 1289 . . 73 Machine Analysis 4 | . . . . . . . . . . . . 4 . . . . . . . . . . . . . . Jamming 1 | . . . . . . . . . . . . . . . . . . . . . . 1 . . . . ECM 238 | . . . . . . . . . . 238 . . . . . . . . . . . . . . . . Robot Analysis Total 4 | . . . 1 1 . . . . . . . 2 . . . . . . . . . . . . . . Derelict Logs Recovered . | . . . . . . . . . . . . . . . . . . . . . . . . . . . Drone Launches 1 | . . . . . . . . . . . . . . . . . . . . . . 1 . . . . Drone Recoveries 1 | . . . . . . . . . . . . . . . . . . . . . . 1 . . . . Exploration | -11 -10 -10 -9 -9 -9 -8 -8 -8 -8 -7 -7 -7 -7 -6 -6 -5 -5 -5 -5 -5 -5 -4 -4 -3 -2 -1 ------------- Run | Yrd Mat Min Mat Sto Gar Mat Gar Mat Gar Fac Gar Fac Gar Fac Gar Fac Ext Cet Arc Hub Gar Fac Gar Res Res Acc Turns Passed 32885 | 95 1165 298 1934 1664 507 221 792 1205 1234 525 1533 996 1301 2048 2000 328 1931 482 131 531 2555 1909 2687 2832 1087 894 Spaces Moved 16524 | 47 528 184 997 762 296 201 617 687 595 303 767 678 707 1197 879 135 843 199 46 253 1144 944 1040 1392 467 616 Core 220 | 5 . . . . . . . . . . . . . . . . . . . . . . . . . 215 Treads 2572 | 42 528 184 997 762 56 . . . . . . . . . . . . . . . . . . . . 3 Legs . | . . . . . . . . . . . . . . . . . . . . . . . . . . . Wheels 13732 | . . . . . 240 201 617 687 595 303 767 678 707 1197 879 135 843 199 46 253 1144 944 1040 1392 467 398 Hover . | . . . . . . . . . . . . . . . . . . . . . . . . . . . Flight . | . . . . . . . . . . . . . . . . . . . . . . . . . . . Fastest Speed 50 | 50 160 160 160 160 105 105 105 110 140 140 135 130 130 130 135 165 165 165 165 165 160 160 170 160 140 50 Average Speed 150 | 151 160 160 160 160 115 105 113 130 150 153 148 132 130 133 150 165 165 165 165 167 162 166 172 178 165 98 Slowest Speed 221 | 160 160 160 160 160 160 135 120 140 155 155 170 135 130 165 165 165 165 165 165 175 210 221 190 190 200 160 Overloaded Moves . | . . . . . . . . . . . . . . . . . . . . . . . . . . . Propulsion Burnouts . | . . . . . . . . . . . . . . . . . . . . . . . . . . . Robots Hopped . | . . . . . . . . . . . . . . . . . . . . . . . . . . . Potential Cave-ins . | . . . . . . . . . . . . . . . . . . . . . . . . . . . Cave-ins Triggered . | . . . . . . . . . . . . . . . . . . . . . . . . . . . Exploration Rate (%) 55 | 3 97 51 75 86 39 17 94 82 68 9 90 22 86 46 90 4 87 56 66 34 96 27 89 63 17 13 Regions Visited 26 Branch Regions 6 Pre-discovered Areas 7 | . 1 . 1 2 . . . 3 . . . . . . . . . . . . . . . . . . Known Exits Taken 11 | . . 1 1 1 . 1 . 1 . 1 . 1 . 1 . 1 . . . 1 . 1 . . . . Unknown Exits Taken 7 | 1 1 . . . . . . . . . . . . . . . 1 1 1 . . . . 1 1 . Scrap Searched 2 | . . 2 . . . . . . . . . . . . . . . . . . . . . . . . Spaces Dug 121 | . 4 . . 4 . . . . . 4 . 10 2 43 . 1 7 . . . 1 20 1 21 2 1 Terrain Destroyed 691 | . 4 . 47 14 . . . 15 . 6 . 12 92 52 35 36 8 1 . 2 10 38 39 84 129 67 Melee 5 | . . . . 4 . . . . . . . . . . . . . . . . . . . . . 1 Projectile 212 | . 4 . . . . . . 15 . 6 . 12 4 52 9 1 8 1 . 2 10 38 20 10 14 6 AOE 474 | . . . 47 10 . . . . . . . . 88 . 26 35 . . . . . . 19 74 115 60 Terrain Rammed . | . . . . . . . . . . . . . . . . . . . . . . . . . . . Walls Destroyed . | . . . . . . . . . . . . . . . . . . . . . . . . . . . Machines Disabled . | . . . . . . . . . . . . . . . . . . . . . . . . . . . Actions | -11 -10 -10 -9 -9 -9 -8 -8 -8 -8 -7 -7 -7 -7 -6 -6 -5 -5 -5 -5 -5 -5 -4 -4 -3 -2 -1 --------- Run | Yrd Mat Min Mat Sto Gar Mat Gar Mat Gar Fac Gar Fac Gar Fac Gar Fac Ext Cet Arc Hub Gar Fac Gar Res Res Acc Total 22230 | 64 761 187 1233 1062 379 208 698 929 791 346 1041 746 991 1536 1352 228 1229 326 97 329 1619 1186 1657 1703 695 837 Wait 2286 | 2 147 . 76 159 23 . . 175 37 8 63 28 128 171 173 75 221 82 47 39 138 65 247 56 72 54 Move 16505 | 46 527 183 996 762 295 201 616 687 594 303 766 678 706 1197 878 134 842 198 45 252 1143 944 1039 1391 466 616 Hop . | . . . . . . . . . . . . . . . . . . . . . . . . . . . Pick Up 272 | 7 14 1 30 11 4 1 9 8 1 13 14 2 8 8 25 2 5 6 . 2 25 16 15 25 10 10 Fast Attach 151 | 7 6 . 3 8 3 3 2 3 2 4 5 3 1 7 6 . 2 . . . 13 16 8 22 6 21 Attach 112 | . . . 4 2 . 1 . 2 2 3 10 1 7 6 10 1 3 1 . 2 15 3 10 7 7 15 Detach 59 | . . . . 2 . . . . 2 1 4 2 2 3 6 . 2 . . . 11 4 6 8 2 4 Swap 357 | . 12 2 25 22 1 2 2 11 9 3 16 8 11 27 25 5 15 2 . 13 26 19 30 43 22 6 Drop 310 | . 12 1 37 18 7 . 11 11 7 3 16 3 9 14 21 1 3 6 . 2 22 29 14 35 16 12 Fire 1678 | 2 43 . 62 45 46 . 18 32 74 8 91 21 79 95 166 10 80 31 5 19 165 90 255 116 92 33 Melee 20 | . . . . 17 . . . . . . . . . . . . . . . . . . . . . 3 Ram 17 | . . . . . . . . . . . . . . . . . . . . . . . . . . 17 Kick . | . . . . . . . . . . . . . . . . . . . . . . . . . . . Crush 36 | . . . . . . . . . . . . . . . . . . . . . . . . . . 36 Escape Stasis 281 | . . . . . . . . . 55 . 56 . 40 8 32 . 16 . . . 32 . 32 . . 10 Rewire 66 | . . . . . . . 40 . . . . . . . 2 . . . . . 21 . 1 . 2 . Trap . | . . . . . . . . . . . . . . . . . . . . . . . . . . . Miscellaneous 80 | . . . . 16 . . . . 8 . . . . . 8 . 40 . . . 8 . . . . . Route ------- -11/Scrapyard -10/Materials (discovered 5 exits: *Mat x3 / [*Min] / *Sub) -10/Mines -9/Materials (discovered 5 exits: *Mat x2 / *Min x2 / *Sto) -9/Storage (discovered 3 exits: *Mat / Rec / Gar) -9/Garrison (discovered 3 exits: *Mat x3) -8/Materials -8/Garrison (discovered 3 exits: *Mat x3) -8/Materials (discovered 3 exits: *Fac x2 / Gar) -8/Garrison (discovered 3 exits: *Fac x3) -7/Factory (discovered 3 exits: Low x2 / Gar) -7/Garrison (discovered 4 exits: *Fac x4) -7/Factory -7/Garrison (discovered 3 exits: *Fac x3) -6/Factory (discovered 2 exits: *Fac / Gar) -6/Garrison (discovered 3 exits: *Fac x3) -5/Factory (discovered 4 exits: Upp x2 / *Ext x2) -5/Extension (discovered 3 exits: *Fac x2 / *Cet) -5/Cetus (discovered 2 exits: *Fac / [*Arc]) -5/Archives -5/Hub_04(d) (discovered 2 exits: *Fac / Gar) -5/Garrison (discovered 3 exits: *Fac x3) -4/Factory (discovered 3 exits: Upp x2 / Gar) -4/Garrison (discovered 2 exits: *Res x2) -3/Research (discovered 2 exits: *Res x2) -2/Research -1/Access History --------- Turn | Location | Event 13 | -11/Scrapyard | Discovered new exit (range 15) 96 | -11/Scrapyard | Entered Materials 307 | -10/Materials | Build established: Mutant 375 | -10/Materials | Repaired Lgt. Treads 403 | -10/Materials | Repaired Lgt. Treads 436 | -10/Materials | Discovered new exit (range 5) 598 | -10/Materials | Discovered new exit (range 13) 800 | -10/Materials | Discovered new exit (range 16) 912 | -10/Materials | Discovered new exit (range 8) 1053 | -10/Materials | Identified exit to Materials 1070 | -10/Materials | Learned 4 Subcaves zone layouts 1075 | -10/Materials | Learned 4 Recycling zone layouts 1076 | -10/Materials | Loaded intel: 16 trap records 1080 | -10/Materials | Learned Storage security intel 1094 | -10/Materials | Identified exit to Subcaves 1261 | -10/Materials | Entered Mines 1261 | -10/Mines | Accompanied by 2 allies 1262 | -10/Mines | Met a Derelict testing a Signal Generator 1370 | -10/Mines | Found a damaged Exp. Sensor Array with a note attached 1373 | -10/Mines | Found Prototype Device 1373 | -10/Mines | Identified Exp. Sensor Array 1428 | -10/Mines | Discovered exit to Materials (range 15) 1559 | -10/Mines | Entered Materials 1559 | -9/Materials | Evolved 2 slots: Propulsion x1, Utility x1 1559 | -9/Materials | Discovered new exit (range 15) 1560 | -9/Materials | Identified exit to Mines 1970 | -9/Materials | Build established: Scavenger-Mutant 2452 | -9/Materials | Discovered new exit (range 16) 2684 | -9/Materials | Build established: Mutant 2724 | -9/Materials | Learned Storage terminal intel 2768 | -9/Materials | Learned 2 Storage zone layouts 2802 | -9/Materials | Learned Materials stockpile data 2896 | -9/Materials | Identified exit to Storage 2918 | -9/Materials | Destroyed 7 combat bots 3013 | -9/Materials | Discovered new exit (range 4) 3493 | -9/Materials | Entered Storage 3494 | -9/Storage | Identified exit to Recycling 3497 | -9/Storage | Loaded intel: 14 terminal locations 3831 | -9/Storage | Found Prototype Launcher 4048 | -9/Storage | Discovered new exit (range 15) 4079 | -9/Storage | Met a pair of Derelict thieves 4170 | -9/Storage | Destroyed 10 combat bots 4861 | -9/Storage | Learned 2 Storage zone layouts 4961 | -9/Storage | Learned 2 Materials zone layouts 4994 | -9/Storage | Learned location of Zion (-6) 5016 | -9/Storage | Loaded intel: 6 trap records 5090 | -9/Storage | Learned 4 Recycling zone layouts 5157 | -9/Storage | Identified exit to Garrison 5157 | -9/Storage | Entered Garrison 5237 | -9/Garrison | Triggered checkpoint 5380 | -9/Garrison | Discovered new exit (range 32) 5380 | -9/Garrison | Discovered new exit (range 79) 5380 | -9/Garrison | Discovered new exit (range 72) 5399 | -9/Garrison | Garrison Relay disabled 5435 | -9/Garrison | Garrison Relay disabled 5496 | -9/Garrison | Installed Relay Interface Framework 5540 | -9/Garrison | Triggered checkpoint 5664 | -9/Garrison | Entered Materials 5664 | -8/Materials | Evolved 2 slots: Utility x1, Weapon x1 5885 | -8/Materials | Identified exit to Garrison 5885 | -8/Materials | Entered Garrison 5885 | -8/Garrison | Discovered recently destroyed garrison 5918 | -8/Garrison | Garrison Relay disabled 5984 | -8/Garrison | Expanded RIF knowledge: Alert ID Control 6004 | -8/Garrison | Discovered new exit (range 10) 6008 | -8/Garrison | Build established: Skirmisher 6031 | -8/Garrison | Garrison Relay disabled 6130 | -8/Garrison | Discovered new exit (range 10) 6396 | -8/Garrison | Discovered new exit (range 3) 6657 | -8/Garrison | Build established: Commander-Tank 6677 | -8/Garrison | Entered Materials 6677 | -8/Materials | Accompanied by 6 allies 7030 | -8/Materials | Identified Gui. Missile Launcher 7040 | -8/Materials | Discovered new exit (range 16) 7129 | -8/Materials | Repaired Arm. Wheel+ 7134 | -8/Materials | Repaired Arm. Wheel+ 7370 | -8/Materials | Build established: Tank 7541 | -8/Materials | Learned location of 1 exit from Extension 7558 | -8/Materials | Discovered new exit (range 15) 7601 | -8/Materials | Learned 2 Storage zone layouts 7726 | -8/Materials | Learned Factory emergency access door positions 7748 | -8/Materials | Learned Factory emergency access door positions 7762 | -8/Materials | Learned Factory garrison access intel 7762 | -8/Materials | Identified exit to Garrison 7787 | -8/Materials | Learned location of 1 exit from Storage 7882 | -8/Materials | Entered Garrison 7882 | -8/Garrison | Accompanied by 1 ally 7894 | -8/Garrison | Triggered checkpoint 7921 | -8/Garrison | Triggered checkpoint 8071 | -8/Garrison | Rescued a captive Derelict 8258 | -8/Garrison | Triggered checkpoint 8320 | -8/Garrison | Build established: Bothacker-Tank 8320 | -8/Garrison | Discovered new exit (range 8) 8439 | -8/Garrison | Triggered checkpoint 8528 | -8/Garrison | Triggered checkpoint 8612 | -8/Garrison | Discovered new exit (range 15) 8673 | -8/Garrison | Triggered checkpoint 8725 | -8/Garrison | Learned Factory security intel 8931 | -8/Garrison | Discovered new exit (range 5) 8958 | -8/Garrison | Triggered checkpoint 9023 | -8/Garrison | Expanded RIF knowledge: Signal Jamming 9116 | -8/Garrison | Entered Factory 9116 | -7/Factory | Evolved 2 slots: Utility x2 9117 | -7/Factory | Identified exit to Lower Caves 9120 | -7/Factory | Loaded intel: 4 garrison access locations 9641 | -7/Factory | Identified exit to Garrison 9641 | -7/Factory | Entered Garrison 9663 | -7/Garrison | Triggered checkpoint 9770 | -7/Garrison | Discovered new exit (range 5) 9857 | -7/Garrison | Triggered checkpoint 9904 | -7/Garrison | Garrison Relay disabled 10057 | -7/Garrison | Triggered checkpoint 10073 | -7/Garrison | Triggered checkpoint 10152 | -7/Garrison | Discovered new exit (range 10) 10259 | -7/Garrison | Rescued a captive Derelict 10259 | -7/Garrison | Rescued a captive Derelict 10264 | -7/Garrison | Lost 3 parts (1p2n) 10282 | -7/Garrison | Found embedded Infiltrators 10364 | -7/Garrison | Triggered checkpoint 10382 | -7/Garrison | Garrison Relay disabled 10496 | -7/Garrison | Triggered checkpoint 10528 | -7/Garrison | Triggered checkpoint 10552 | -7/Garrison | Learned Factory security intel 10597 | -7/Garrison | Triggered checkpoint 10673 | -7/Garrison | Expanded RIF knowledge: Coupler Efficiency 10705 | -7/Garrison | Garrison Relay disabled 10815 | -7/Garrison | Discovered new exit (range 12) 10972 | -7/Garrison | Build established: Botlord-Tank 11013 | -7/Garrison | Triggered checkpoint 11151 | -7/Garrison | Discovered new exit (range 13) 11174 | -7/Garrison | Entered Factory 11174 | -7/Factory | Accompanied by 3 allies 11748 | -7/Factory | Central database locked down 12170 | -7/Factory | Identified exit to Garrison 12170 | -7/Factory | Entered Garrison 12397 | -7/Garrison | Triggered checkpoint 12496 | -7/Garrison | Triggered checkpoint 12521 | -7/Garrison | Triggered checkpoint 12732 | -7/Garrison | Discovered new exit (range 14) 12883 | -7/Garrison | Triggered checkpoint 13119 | -7/Garrison | Expanded RIF knowledge: Threat Obfuscation 13155 | -7/Garrison | Discovered new exit (range 14) 13193 | -7/Garrison | Expanded RIF knowledge: Code Merge 13264 | -7/Garrison | Triggered checkpoint 13360 | -7/Garrison | Triggered checkpoint 13403 | -7/Garrison | Garrison Relay disabled 13439 | -7/Garrison | Discovered new exit (range 14) 13471 | -7/Garrison | Entered Factory 13471 | -6/Factory | Evolved 2 slots: Power x1, Utility x1 14075 | -6/Factory | Discovered new exit (range 10) 14367 | -6/Factory | Spotted B-75 Beast 14469 | -6/Factory | Lost 4 allies 15519 | -6/Factory | Identified exit to Garrison 15519 | -6/Factory | Entered Garrison 15655 | -6/Garrison | Garrison Relay disabled 15800 | -6/Garrison | Triggered checkpoint 15832 | -6/Garrison | Triggered checkpoint 15989 | -6/Garrison | Discovered new exit (range 14) 16215 | -6/Garrison | Triggered checkpoint 16487 | -6/Garrison | Garrison Relay disabled 16604 | -6/Garrison | Triggered checkpoint 16626 | -6/Garrison | Triggered checkpoint 16673 | -6/Garrison | Expanded RIF knowledge: Threat Obfuscation 16701 | -6/Garrison | Triggered checkpoint 16763 | -6/Garrison | Garrison Relay disabled 16873 | -6/Garrison | Discovered new exit (range 13) 16946 | -6/Garrison | Lost 5 allies 17119 | -6/Garrison | Triggered checkpoint 17218 | -6/Garrison | Garrison Relay disabled 17269 | -6/Garrison | Discovered new exit (range 14) 17355 | -6/Garrison | Spotted B-75 Beast 17395 | -6/Garrison | Allies destroyed B-75 Beast 17417 | -6/Garrison | Lost 3 allies 17452 | -6/Garrison | Found Relay Coupler [Proto] 17455 | -6/Garrison | Found Relay Coupler [Proto] 17457 | -6/Garrison | Found Relay Coupler [Proto] 17460 | -6/Garrison | Found Relay Coupler [Proto] 17519 | -6/Garrison | Entered Factory 17519 | -5/Factory | Accompanied by 1 ally 17519 | -5/Factory | Evolved 2 slots: Power x1, Utility x1 17563 | -5/Factory | Identified exit to Upper Caves 17563 | -5/Factory | Identified exit to Extension 17847 | -5/Factory | Entered Extension 17847 | -5/Extension | Accompanied by 1 ally 17848 | -5/Extension | Identified exit to Factory 17981 | -5/Extension | Rescued a captive Derelict 17983 | -5/Extension | Rescued a captive Derelict 18253 | -5/Extension | Rescued a captive Derelict 18330 | -5/Extension | Rescued a captive Derelict 18332 | -5/Extension | Rescued a captive Derelict 18589 | -5/Extension | Rescued a captive Derelict 18591 | -5/Extension | Rescued a captive Derelict 18872 | -5/Extension | Spotted B-75 Beast 18892 | -5/Extension | Allies destroyed B-75 Beast 18915 | -5/Extension | Spotted B-75 Beast 18935 | -5/Extension | Allies destroyed B-75 Beast 18956 | -5/Extension | Lost 4 allies 18994 | -5/Extension | Rescued a captive Derelict 18994 | -5/Extension | Rescued a captive Derelict 19363 | -5/Extension | Rescued A7 19602 | -5/Extension | Discovered exit to Factory (range 10) 19604 | -5/Extension | Discovered new exit (range 6) 19778 | -5/Extension | Entered Cetus 19778 | -5/Cetus | Accompanied by 22 allies (A7) 19783 | -5/Cetus | Acquired a Cetus Manufacturing Module code from A7 19812 | -5/Cetus | Spotted Cetus Guard 19812 | -5/Cetus | Spotted Cetus Guard 19813 | -5/Cetus | Spotted Cetus Guard 19813 | -5/Cetus | Spotted Cetus Guard 19827 | -5/Cetus | Allies destroyed Cetus Guard 19837 | -5/Cetus | Allies destroyed Cetus Guard 19839 | -5/Cetus | Allies destroyed Cetus Guard 19843 | -5/Cetus | Allies destroyed Cetus Guard 19866 | -5/Cetus | Lost 8 allies 19922 | -5/Cetus | Started Cetus Manufacturing Module 19942 | -5/Cetus | Discovered new exit (range 15) 19947 | -5/Cetus | Manufactured an Enhanced Grunt 19969 | -5/Cetus | Spotted Cetus Guard 19970 | -5/Cetus | Spotted Cetus Guard 19972 | -5/Cetus | Manufactured an Enhanced Grunt 19975 | -5/Cetus | Spotted Cetus Guard 19975 | -5/Cetus | Spotted Cetus Guard 19982 | -5/Cetus | Allies destroyed Cetus Guard 19988 | -5/Cetus | Allies destroyed Cetus Guard 19988 | -5/Cetus | Allies destroyed Cetus Guard 19991 | -5/Cetus | Destroyed Cetus Guard 19997 | -5/Cetus | Manufactured an Enhanced Grunt 20001 | -5/Cetus | Discovered exit to Factory (range 15) 20010 | -5/Cetus | Met Revision 17 20014 | -5/Cetus | Lost 3 allies 20022 | -5/Cetus | Manufactured an Enhanced Grunt 20047 | -5/Cetus | Manufactured an Enhanced Grunt 20159 | -5/Cetus | Murdered A7 20163 | -5/Cetus | Extracted ID and sensor layout for unrecognized location from A7's data core 20167 | -5/Cetus | Found Corrupted Med. Regenerative Plating 20260 | -5/Cetus | Entered Archives 20260 | -5/Archives | Accompanied by 14 allies 20327 | -5/Archives | Discovered new exit (range 15) 20330 | -5/Archives | Lost 4 allies 20391 | -5/Archives | Entered Hub_04(d) 20391 | -5/Hub_04(d) | Accompanied by 10 allies 20621 | -5/Hub_04(d) | Discovered exit to Factory (range 3) 20790 | -5/Hub_04(d) | Spotted B-75 Beast 20824 | -5/Hub_04(d) | Destroyed B-75 Beast 20903 | -5/Hub_04(d) | Identified exit to Garrison 20922 | -5/Hub_04(d) | Entered Garrison 20922 | -5/Garrison | Accompanied by 3 allies 20944 | -5/Garrison | Triggered checkpoint 20995 | -5/Garrison | Garrison Relay disabled 21103 | -5/Garrison | Spotted Executioner 21103 | -5/Garrison | Spotted Executioner 21130 | -5/Garrison | Destroyed Executioner 21134 | -5/Garrison | Allies destroyed Executioner 21142 | -5/Garrison | Found Prototype Processor 21142 | -5/Garrison | Identified Exp. Targeting Computer 21162 | -5/Garrison | Rewired Striker 21181 | -5/Garrison | Rewired Striker 21198 | -5/Garrison | Found Corrupted Prototype Device 21210 | -5/Garrison | Identified Adv. Kinecellerator 21272 | -5/Garrison | Triggered checkpoint 21282 | -5/Garrison | Spotted B-75 Beast 21285 | -5/Garrison | Triggered checkpoint 21315 | -5/Garrison | Allies destroyed B-75 Beast 21326 | -5/Garrison | Found Prototype Device 21336 | -5/Garrison | Found Prototype Device 21342 | -5/Garrison | Identified Exp. Thermal Shield (x2) 21347 | -5/Garrison | Lost 5 allies 21434 | -5/Garrison | Discovered exit to Factory (range 8) 21609 | -5/Garrison | Build established: Botlord-Gunner 21620 | -5/Garrison | Triggered checkpoint 21658 | -5/Garrison | Garrison Relay disabled 21730 | -5/Garrison | Triggered checkpoint 22050 | -5/Garrison | Build established: Botlord-Tank 22082 | -5/Garrison | Discovered exit to Factory (range 12) 22102 | -5/Garrison | Expanded RIF knowledge: Threat Obfuscation 22114 | -5/Garrison | Triggered checkpoint 22120 | -5/Garrison | Destroyed Striker 22178 | -5/Garrison | Learned Factory security intel 22237 | -5/Garrison | Garrison Relay disabled 22505 | -5/Garrison | Build established: Botlord-Gunner 22512 | -5/Garrison | Triggered checkpoint 22620 | -5/Garrison | Triggered checkpoint 22846 | -5/Garrison | Garrison Relay disabled 22899 | -5/Garrison | Discovered exit to Factory (range 12) 23026 | -5/Garrison | Spotted B-75 Beast 23045 | -5/Garrison | Assimilated Beast 6a with formatsys_high 23076 | -5/Garrison | Found Relay Coupler [Proto] 23080 | -5/Garrison | Found Relay Coupler [Proto] 23084 | -5/Garrison | Found Relay Coupler [Proto] 23088 | -5/Garrison | Found Relay Coupler [Proto] 23340 | -5/Garrison | Build established: Botlord-Tank 23477 | -5/Garrison | Entered Factory 23477 | -4/Factory | Accompanied by 4 allies 23477 | -4/Factory | Evolved 2 slots: Utility x2 23648 | -4/Factory | Lost 3 allies 23786 | -4/Factory | Unchained authorized (GL-D0S) 23941 | -4/Factory | Identified exit to Upper Caves 25386 | -4/Factory | Identified exit to Garrison 25386 | -4/Factory | Entered Garrison 25386 | -4/Garrison | Accompanied by 1 ally 25448 | -4/Garrison | Triggered checkpoint 25505 | -4/Garrison | Garrison Relay disabled 26500 | -4/Garrison | Triggered checkpoint 26513 | -4/Garrison | Triggered checkpoint 26536 | -4/Garrison | Spotted B-86 Titan 26539 | -4/Garrison | Assimilated Titan 7a with formatsys_high 26541 | -4/Garrison | Triggered checkpoint 26567 | -4/Garrison | Triggered checkpoint 26617 | -4/Garrison | Destroyed 9 combat bots 26738 | -4/Garrison | Triggered checkpoint 26821 | -4/Garrison | Garrison Relay disabled 26912 | -4/Garrison | Lost 3 parts (1p2u) 27094 | -4/Garrison | Found Hvy. Reflective Plating 27154 | -4/Garrison | Expanded RIF knowledge: Hotswap 27180 | -4/Garrison | Triggered checkpoint 27216 | -4/Garrison | Lost 3 allies 27231 | -4/Garrison | Garrison Relay disabled 27292 | -4/Garrison | Discovered new exit (range 14) 27324 | -4/Garrison | Expanded RIF knowledge: Structural Interface 27380 | -4/Garrison | Build established: Botlord-Gunner 27490 | -4/Garrison | Triggered checkpoint 27611 | -4/Garrison | Discovered new exit (range 10) 28073 | -4/Garrison | Entered Research 28073 | -3/Research | Accompanied by 8 allies 28073 | -3/Research | Evolved 2 slots: Utility x2 28123 | -3/Research | Found Unknown Device 28123 | -3/Research | Identified Quantum Capacitor 28273 | -3/Research | Revision forces began assault on 0b10 28305 | -3/Research | Met up with Revision 17++ 28773 | -3/Research | Research terminal network offline 29062 | -3/Research | Spotted Striker 29072 | -3/Research | Allies destroyed Striker 29101 | -3/Research | Lost 4 allies 29250 | -3/Research | Found Fusion Bomb Launcher 29537 | -3/Research | Found Prototype Hackware 29537 | -3/Research | Identified Exp. System Shield 29658 | -3/Research | Spotted Striker 29660 | -3/Research | Spotted Executioner 29663 | -3/Research | Build established: Botlord-Tank 29671 | -3/Research | Allies destroyed Striker 29672 | -3/Research | Allies destroyed Executioner 29730 | -3/Research | Spotted Striker 29746 | -3/Research | Allies destroyed Striker 29759 | -3/Research | Spotted Striker 29763 | -3/Research | Allies destroyed Striker 29802 | -3/Research | Lost 8 allies 29953 | -3/Research | Spotted Executioner 29956 | -3/Research | Spotted Striker 29963 | -3/Research | Destroyed Striker 29975 | -3/Research | Destroyed Executioner 30005 | -3/Research | Central database locked down 30023 | -3/Research | Spotted Striker 30046 | -3/Research | Spotted Striker 30060 | -3/Research | Destroyed Striker 30060 | -3/Research | Spotted Striker 30067 | -3/Research | Destroyed Striker 30138 | -3/Research | Discovered new exit (range 5) 30173 | -3/Research | Spotted Striker 30186 | -3/Research | Destroyed Striker 30191 | -3/Research | Spotted Striker 30192 | -3/Research | Spotted Striker 30262 | -3/Research | Build established: Botlord-Gunner 30378 | -3/Research | Destroyed Striker 30532 | -3/Research | Spotted Executioner 30532 | -3/Research | Spotted Striker 30533 | -3/Research | Destroyed Striker 30538 | -3/Research | Destroyed Executioner 30633 | -3/Research | Spotted Striker 30634 | -3/Research | Spotted Executioner 30641 | -3/Research | Destroyed Striker 30665 | -3/Research | Discovered new exit (range 11) 30676 | -3/Research | Destroyed 8 combat bots 30774 | -3/Research | Spotted Striker 30782 | -3/Research | Destroyed Striker 30783 | -3/Research | Spotted Striker 30829 | -3/Research | Spotted Striker 30832 | -3/Research | Spotted Striker 30836 | -3/Research | Destroyed Striker 30844 | -3/Research | Destroyed Striker 30905 | -3/Research | Entered another Research area 30905 | -2/Research | Evolved 2 slots: Utility x2 31166 | -2/Research | Found Prototype Launcher 31191 | -2/Research | Identified Ragnarok Missile Launcher 31333 | -2/Research | Discovered new exit (range 22) 31876 | -2/Research | Spotted B-90 Cyclops 31992 | -2/Research | Entered Access 31992 | -1/Access | Evolved 2 slots: Power x1, Propulsion x1 32111 | -1/Access | System corruption reached 10% 32143 | -1/Access | Lost 4 parts (1p3u) 32641 | -1/Access | Released all parts (9) 32649 | -1/Access | System corruption reached 30% 32659 | -1/Access | Core integrity fell below 50% 32687 | -1/Access | Lost 19 parts (3p4n8u4w) 32739 | -1/Access | Core integrity fell below 20% 32886 | -1/Access | Destroyed by S-43 Plague with Heavy Machine Gun Last Messages --------------- 32840_ Acquired 15 matter. 32841_ Slammed into S-43 Plague. 32842_ System corrupted: Component data lost. 32842_ Slammed into S-43 Plague. 32843_ Relay Coupler [NC] destroyed. 32844_ Slammed into S-43 Plague. 32853_ Acquired 1 matter. 32854_ Slammed into S-43 Plague. 32857_ System corrupted: Matter fused (-9). 32857_ Slammed into S-43 Plague. 32864_ Seismic Detector destroyed. 32864_ Slammed into S-43 Plague. 32871_ Slammed into P-80 Master. 32872_ Critical hit (Destroy). 32872_ Biometal Heavy Treads destroyed. 32873_ Slammed into P-80 Master. 32874_ System corrupted: Matter fused (-9). 32874_ Slammed into S-43 Plague. 32881_ Relay Coupler [Proto] destroyed. 32881_ Slammed into S-43 Plague. Map ----- +----------------------------------------------------+ | + # ###### ?????? | | # # | + ?????? | | # # =*######+##### ????? | | ?# # #??????????# ?????? | | ?# # % #??????????# ????? | | ?# # #??????????# ""????? | | ?# # #??????????# """???? | | ?# / ! #??????????# """???? | | ?# # #??????????? """"""" | | ?# # #???????????? """"""" | | ?# ###########+###########?????# """"""" | | ?# #??# # #?????# """"""" | | ?# #??# # #?????# % """"""" | | ?# #??#=# " [#######! | | ?# #??#=# """ # ###%|% | | ?# #??# # """ = + ! ! ! | | ?# #??# # " # ##!+###### | | ?# #??#=# ## ## % ## | | ?######## #??# # ## ## ## | | ????????? #??# ############ ##] ## | | ????????? #??# #?????????? # ! ## | | ????????? #??# #########?? # ! ## | | ????????# #??# ## #?# # ]]== ## | | ????????# #?## ## #?################### | | ????????# ### sp# #??????# ! #???### | | ????????# " ss @ #??????# #???# | | ????????# ### # s #??????# #???# ! | | ????????# #?## ## = =#??????# #???# | | ????????# #??# #########??????# #???# | | ?????????? #??# #??????????????# = #???# | | ?????????? #??# #??????????????####+###???# | | ??????????? ???# ################## ######## | | ???????????????????# " | | ???????????????????#+########+######### ### | | ???????????????????# # #????##+##?# | | ???????????????????# # #???? ?+ | | ???????????????????# # #???# ###### | | ???????????????????# # [ !#???# #????# | | ???????????????????# # #???# #????# | | ???????????????????# ! # = #???# #????# | | ???????????????????###############???# #????# | | ?????????????????????????????????????########????# | | ?????????????????????????????????????????????????# | | ?????????????????????????????????????????????????# | | ?????????????????????????????????????????????????# | | ????????????????????????????????????????########## | | ????????????????????????????????????????# # | | ????????????????????????????????????????# # | | ????????????????????????????????????????# """ + | | ????????????????????????????????????????# """ # | +----------------------------------------------------+ Best States ------------- Heat Dissipation 88 Coolant Potential 100 Energy Generation 103 Energy Capacity 1400 Matter Stores 300 Matter Capacity 300 Sight Range 23 Terrain Scan Density 10 ECM Strength 1 Power Amplification 40 Armor Coverage 600 Resistance: KI 30 Resistance: TH 25 Utility Shielding 33 Evasion (%) 50 Targeting Accuracy 12 Recoil Reduction 4 Matter Filtering 50 Particle Charging 25 Kinecelleration 40 Offensive Hacking 26 Defensive Hacking 10 Relay Coupler Types 4 Relay Coupler Value 174 Trap Extractor Capacity 8 Item Schematics ----------------- Arm. Huge Wheel | -7/Factory | Scanalyzed Robot Schematics ------------------ None Fabricated ------------ Nothing Repaired ---------- Lgt. Treads | 59% | -10/Materials Lgt. Treads | 67% | -10/Materials Arm. Wheel | 62% | -8/Materials Arm. Wheel | 65% | -8/Materials Studied --------- Com. Wheel | -9/Materials | Hacked Arm. Wheel | -8/Materials | Hacked Arm. Huge Wheel | -7/Factory | Hacked Centrium Wheel | -3/Research | Hacked Com. HERF Cannon | -3/Research | Hacked Quantum Reactor | -3/Research | Hacked Alien Tech Used ----------------- None Achievements -------------- Fitting Room Challenges ------------ None Game ------ Seed ServoScatterJoltstriker Manual? 0 Play Time 09:09:17 Cumulative 450.7 hours Start 2026.03.12 @ 18:05:36 End 2026.03.17 @ 16:53:40 Sessions 19 Manual Loads 0 Difficulty Rogue Special Mode None Game No. 81 Rogue 81 Adventurer 0 Explorer 0 Win Type - Total 15 Types 6/1/5/1/0/0/1/1/0/0 Lore% 82 Gallery% 74 Achievement% 70 Wizard Run 0 Options --------- Layout 1 ASCII 0 Keyboard 1 Movement Vi Keybinds 1 Fullscreen 1 Font 36/Tamsyn Map View 50x40 Zoom Use 0% Tactical HUD 1 Map Filters NONE Filters NONE Steam 1 RUN: 64ec7bbc-a754-4558-8df5-5a223de0b69f